 Dungeon Crawl Stone Soup version 0.22.1-2-g9c5b331383 (webtiles) character file.

1177 Peloso the Covered (level 8, 0/70 HPs)
             Began as a Minotaur Fighter on Nov 16, 2018.
             Was an Initiate of Okawaru.
             Slain by a wight
             ... wielding a cursed +0 halberd
              (3 damage)
             ... on level 6 of the Dungeon.
             The game lasted 00:11:16 (4363 turns).

Peloso the Covered (Minotaur Fighter)               Turns: 4363, Time: 00:11:16

Health: 0/70       AC: 11    Str: 26    XL:     8   Next: 18%
Magic:  7/7        EV:  7    Int:  5    God:    Okawaru [......]
Gold:   178        SH: 11    Dex: 12    Spells: 7/7 levels left

rFire    . . .     SeeInvis .   a - +1 long sword
rCold    . . .     Gourm    .   c - +1 shield
rNeg     . . .     Faith    .   v - +0 chain mail
rPois    .         Spirit   .   (helmet restricted)
rElec    .         Reflect  .   g - +0 cloak
rCorr    .         Harm     .   (no gloves)
MR       .....                  (no boots)
Stlth    ..........             (no amulet)
HPRegen  0.21/turn              (no ring)
MPRegen  0.10/turn              (no ring)

@: mighty, drained
A: retaliatory headbutt, horns 2
a: Renounce Religion


You were on level 6 of the Dungeon.
You worshipped Okawaru.
Okawaru was noncommittal.
You were not hungry.

You visited 2 branches of the dungeon, and saw 7 of its levels.
You also visited: Sewer.

You collected 178 gold pieces.

Inventory:

Hand Weapons
 a - a +1 long sword (weapon)
Armour
 b - a +0 scale mail
 c - a +1 shield (worn)
 g - a +0 cloak (worn)
 v - a +0 chain mail (worn)
Wands
 h - a wand of iceblast (7)
 k - a wand of acid (10)
 p - a wand of polymorph (16)
Scrolls
 i - 2 scrolls of enchant weapon
Potions
 e - a potion of haste
 j - a potion of curing
 l - a potion of brilliance
 m - a potion of invisibility {unknown}
 n - a potion of magic {unknown}
 o - 3 potions of mutation {unknown}
 q - a potion of heal wounds {unknown}
Comestibles
 f - 10 rations


   Skills:
 + Level 5.9(4.9) Fighting
 + Level 6.6(5.6) Long Blades
 + Level 7.0(6.0) Armour
 + Level 2.6(1.7) Dodging
 + Level 1.2(0.3) Stealth
 + Level 6.1(5.1) Shields


You had 7 spell levels left.
You didn't know any spells.
Your spell library was empty.

Dungeon Overview and Level Annotations

Branches:
Dungeon (6/15)             Temple (1/1) D:5

Altars:
Cheibriados
Fedhas
Gozag
Hepliaklqana
Kikubaaqudgha
Makhleb
Nemelex Xobeh
Okawaru
Qazlal
Sif Muna
Trog
Vehumet
Wu Jian
Xom
Yredelemnul
Zin
The Shining One

Shops:
D:4 [


Innate Abilities, Weirdness & Mutations

You reflexively headbutt those who attack you in melee.
You have a pair of horns on your head.


Message History

Items here: )))) [[[ You slash the wight!
You destroy the wight!
Okawaru accepts your kill.
The wight hits you from afar with an enchanted trident!
* * * LOW HITPOINT WARNING * * *
The orc closely misses you. You block the wight's attack.
Unknown command.
The wight hits you with an enchanted trident.
* * * LOW HITPOINT WARNING * * *
You block the orc's attack. You block the wight's attack.
Things that are here:
an enchanted halberd; a robe Unknown command.
You slash the wight!
The wight is heavily damaged.
You block the wight's attack. You block the orc's attack.
A bullfrog zombie comes into view.
The wight hits you from afar with a halberd.
You die...

#......####
##.#......##.## ###
#...{..(Z##.#.## #..
#..###..##.###.##.#
..o###.(#.## ##..####
#......((## ####....# .
##.###....#...#..##.##.
.##.##..z.......##.#.#.#
.......@oz...... #.....#
########)##.....##.###.#
#(###...###.# #.# #(#
##### #.###.# #+#
#.....# #####.# ### #.#
##.###.# ####...##.#


You could see 2 wights, an orc and a bullfrog zombie (wandering).

Vanquished Creatures
  Purgy (Sewer)
  A centaur (D:4)
  A gnoll sergeant (D:2)
  6 wights
  A howler monkey (D:6)
  A crimson imp (D:6)
  A jelly (D:6)
  3 orc priests
  5 orc wizards
  4 worker ants
  A hound skeleton (D:4)
  3 gnolls (D:2)
  4 adders
  2 river rats (D:5)
  A shadow imp (D:6)
  2 oozes
  8 worms
  A dart slug (D:3)
  3 leopard geckos
  25 orcs
  4 giant cockroaches
  11 goblins
  5 hobgoblins
  7 jackals
  12 kobolds
  5 quokkas
  3 ball pythons
  17 bats
  6 frilled lizards
  2 quokka skeletons
  14 rats
160 creatures vanquished.

Notes
Turn   | Place    | Note
-------+----------+-------------------------------------------
     0 | D:1      | Peloso the Minotaur Fighter began the quest for the Orb.
     0 | D:1      | Reached XP level 1. HP: 19/19 MP: 0/0
   102 | D:1      | Reached XP level 2. HP: 27/27 MP: 1/1
   227 | D:1      | Reached skill level 4 in Armour
   364 | D:1      | Reached XP level 3. HP: 30/33 MP: 2/2
   751 | D:2      | Noticed a water elemental
   753 | D:2      | Found a stormy altar of Qazlal.
   755 | D:2      | Noticed an earth elemental
   777 | D:2      | Noticed an air elemental
   817 | D:2      | Noticed a fire elemental
  1040 | D:2      | Noticed a gnoll sergeant
  1058 | D:2      | Reached XP level 4. HP: 34/40 MP: 3/3
  1070 | D:2      | Killed a gnoll sergeant
  1070 | D:2      | Reached skill level 1 in Dodging
  1071 | D:2      | Reached XP level 5. HP: 30/47 MP: 4/4
  1110 | D:2      | Found a glowing golden altar of the Shining One.
  1455 | D:3      | Found a glowing silver altar of Zin.
  1457 | D:3      | Found a radiant altar of Vehumet.
  1852 | D:3      | Reached skill level 5 in Shields
  1969 | D:3      | Reached skill level 5 in Armour
  2140 | D:4      | Reached XP level 6. HP: 51/53 MP: 5/5
  2317 | D:4      | Found a deep blue altar of Sif Muna.
  2385 | D:4      | Found Ciud's Armour Emporium.
  2474 | D:4      | Found an ornate altar of the Wu Jian Council.
  2531 | D:4      | Found a shimmering altar of Xom.
  2656 | D:4      | Found a blossoming altar of Fedhas.
  2680 | D:4      | Reached skill level 5 in Long Blades
  2938 | D:5      | Entered Level 5 of the Dungeon
  2951 | D:5      | Found a burning altar of Makhleb.
  3028 | D:5      | Found a staircase to the Ecumenical Temple.
  3081 | D:5      | Reached skill level 5 in Fighting
  3081 | D:5      | Reached XP level 7. HP: 42/61 MP: 6/6
  3352 | D:5      | Found a glowing drain.
  3363 | Sewer    | Entered a sewer
  3493 | Sewer    | Noticed Purgy
  3509 | Sewer    | Killed Purgy
  3870 | D:5      | Reached skill level 6 in Armour
  4200 | D:6      | Reached skill level 1 in Stealth
  4203 | D:6      | Reached XP level 8. HP: 67/69 MP: 7/7
  4234 | Temple   | Entered the Ecumenical Temple
  4261 | Temple   | Became a worshipper of Warmaster Okawaru
  4359 | D:6      | Reached skill level 7 in Armour
  4362 | D:6      | HP: 3/70 [wight/enchanted trident (1)]
  4363 | D:6      | Slain by a wight

Skill      XL: |  1  2  3  4  5  6  7  8 |
---------------+-------------------------+-----
Shields        | 4 5 6 |  6.1
Armour         | 4 5 6 7 |  7.0
Fighting       | 4 5 |  5.9
Long Blades    | 3 4 5 6 |  6.6
Dodging        | 1 2 |  2.6
Stealth        | 1 |  1.2

Action                   |  1- 3 |  4- 6 |  7- 9 || total
-------------------------+-------+-------+-------++-------
Melee: Long sword        |   118 |   177 |   187 ||   482
       Headbutt          |    14 |    40 |    33 ||    87
  Use: Scroll            |       |    11 |     1 ||    12
       Potion            |       |       |     2 ||     2
  Eat: Chunk             |       |     7 |     5 ||    12
Armor: Scale mail        |    96 |    36 |       ||   132
       Chain mail        |       |    43 |    96 ||   139
Dodge: Dodged            |    53 |    45 |    51 ||   149
Block: Shield            |    98 |    89 |   102 ||   289
       Rpst.: Long sword |     9 |    13 |     8 ||    30
